 Dungeon Crawl Stone Soup version 0.30-a0-845-g7c6808c8ce (webtiles) character file.

Game seed: 17309209554711886897

421183 FexLirch the Spry (level 22, -11/97 (105) HPs)
             Began as a Felid Air Elementalist on Feb 27, 2023.
             Was the Champion of Sif Muna.
             Killed from afar by a shadow dragon (54 damage)
             ... with a bolt of negative energy
             ... on level 4 of the Depths on Mar 2, 2023.
             The game lasted 08:52:23 (84617 turns).

FexLirch the Spry (Felid Air Elementalist)         Turns: 84617, Time: 08:52:24

HP:   -11/97 (105)  AC: 18    Str:  4    XL:     22   Next: 34%
MP:   9/49          EV: 45    Int: 32    God:    Sif Muna [******]
Gold: 2500          SH:  0    Dex: 22    Spells: 1/56 levels left
                                        Lives: 0   Deaths: 4

rFire   + + .      SeeInvis +      - Unarmed
rCold   + . .      Faith    .    (shield unavailable)
rNeg    . . .      Spirit   .    (body armour unavailable)
rPois   ∞          Reflect  .    (helmet unavailable)
rElec   +          Rampage  .    (cloak unavailable)
rCorr   +                        (gloves unavailable)
Will    ++++.                    (boots unavailable)
Stlth   +++                      d - amulet "Beol" {RegenMP rPois rF+ Dex-3 Slay+3}
HPRegen 0.36/turn                W - ring of Brilliance {rF+ rCorr Int+3 Dex+8}
MPRegen 0.71/turn                v - ring "Zoappagom" {rC+ Will+ MP+9 Int+2}

@: storm-form, flying, drained
A: cleaving, insubstantial, flying, very small, (claws 1), (fangs 3), see
invisible, (speed 1), (shaggy fur 3), (stealthy paws), no weapons or thrown
items, no armour, multi-lived, (iridescent scales 1), low MP 1, (heat
vulnerability 1), MP-powered wands
}: 3/15 runes: barnacled, slimy, gossamer
a: Blinkbolt, End Transformation, Renounce Religion, Channel Magic, Forget
Spell, Divine Exegesis


You were on level 4 of the Depths.
You worshipped Sif Muna.
Sif Muna was exalted by your worship.
You were a lightning-filled tempest!
You visited 12 branches of the dungeon, and saw 51 of its levels.
You visited 2 bazaars.
You also visited: Sewer, Gauntlet and Wizlab.

You collected 7225 gold pieces.
You spent 4725 gold pieces at shops.

Inventory:

Jewellery
 d - the amulet "Beol" (around neck) {RegenMP rPois rF+ Dex-3 Slay+3}
   (You bought it in a shop in a bazaar)

   [amulet of magic regeneration]

   It increases your rate of magic regeneration.
   Dex:       It affects your dexterity (-3).
   Slay:      It affects your accuracy & damage with ranged weapons and melee
   (+3).
   rF:        It protects you from fire.
   rPois:     It protects you from poison.
 t - the ring "Mewnum" {rPois rF+ Will+}
   (You bought it in a shop in a bazaar)

   [ring of protection from fire]

   rF:        It protects you from fire.
   rPois:     It protects you from poison.
   Will:      It increases your willpower.
 v - the ring "Zoappagom" (right paw) {rC+ Will+ MP+9 Int+2}
   (You took it off a deep elf demonologist on level 3 of the Elven Halls)

   [ring of magical power]

   Int:       It affects your intelligence (+2).
   rC:        It protects you from cold.
   MP:        It affects your magic capacity (+9).
   Will:      It increases your willpower.
 B - the amulet "Neinupos" {Acrobat Fragile rN+++ Regen+ Str-4}
   (You found it on level 8 of the Dungeon)

   [amulet of the acrobat]

   It increases your evasion while moving and waiting.
   Str:       It affects your strength (-4).
   rN:        It renders you almost immune to negative energy.
   Regen:     It increases your rate of health regeneration.
   Fragile:   It will be destroyed if unequipped.
 K - the ring "Anux" {Fly rElec Will++ EV+5 Int-4}
   (You found it in a Gauntlet)

   [ring of evasion]

   EV:        It affects your evasion (+5).
   Int:       It affects your intelligence (-4).
   rElec:     It insulates you from electricity.
   Fly:       It grants you flight.
   Will:      It greatly increases your willpower.
 M - a ring of magical power
 N - the ring of Ceife {rPois Will+ Dex+6}
   (You found it in a Gauntlet)

   [ring of dexterity]

   Dex:       It affects your dexterity (+6).
   rPois:     It protects you from poison.
   Will:      It increases your willpower.
 P - a +6 ring of intelligence
 Q - a +6 ring of strength
 S - a +4 ring of protection
 T - the ring "Oniezun" {rF++ EV+5}
   (You found it on level 4 of the Shoals)

   [ring of evasion]

   EV:        It affects your evasion (+5).
   rF:        It greatly protects you from fire.
 V - a ring of positive energy
 W - the ring of Brilliance (left paw) {rF+ rCorr Int+3 Dex+8}
   (You took it off a deep elf pyromancer on level 15 of the Dungeon)

   [ring of resist corrosion]

   Int:       It affects your intelligence (+3).
   Dex:       It affects your dexterity (+8).
   rF:        It protects you from fire.
   rCorr:     It protects you from acid and corrosion.
 X - the ring "Fejah" {rN+ Will+}
   (You took it off a tengu reaver on level 2 of the Depths)

   [ring of positive energy]

   rN:        It protects you from negative energy.
   Will:      It increases your willpower.
 Y - the ring "Picoucwa" {Wiz Slay+2}
   (You bought it in a shop on level 2 of the Orcish Mines)

   [ring of wizardry]

   It improves your spell success rate.
   Slay:      It affects your accuracy & damage with ranged weapons and melee
   (+2).
 Z - the ring "Soezxeiv" {Wiz +Blink rElec Dex-2 SInv}
   (You acquired it on level 1 of the Elven Halls)

   [ring of wizardry]

   It improves your spell success rate.
   Dex:       It affects your dexterity (-2).
   rElec:     It insulates you from electricity.
   SInv:      It lets you see invisible.
   +Blink:    It lets you blink.
Wands
 i - a wand of flame (110)
 l - a wand of polymorph (17)
 u - a wand of light (17)
 x - a wand of mindburst (33)
 F - a wand of paralysis (21)
 J - a wand of roots (25)
 U - a wand of digging (7)
Scrolls
 b - 2 scrolls of amnesia
 c - 8 scrolls of noise
 j - 6 scrolls of silence
 k - 10 scrolls of immolation
 o - 4 scrolls of summoning
 w - 11 scrolls of fog
 y - 4 scrolls of blinking
 A - 12 scrolls of teleportation
 C - 3 scrolls of vulnerability
 D - a scroll of magic mapping
 E - 14 scrolls of poison
 I - 6 scrolls of fear
Potions
 a - 4 potions of magic
 e - 10 potions of flight
 f - 2 potions of might
 g - 9 potions of mutation
 h - 6 potions of heal wounds
 m - 9 potions of berserk rage
 n - 12 potions of ambrosia
 q - 5 potions of resistance
 r - 17 potions of curing
 s - 11 potions of brilliance
 z - 3 potions of cancellation
 G - 10 potions of lignification
 H - 3 potions of invisibility
 O - 10 potions of haste
 R - 7 potions of attraction
Miscellaneous
 p - a phial of floods
 L - a condenser vane


   Skills:
 + Level 15.6 Fighting
 + Level 19.8 Dodging
 - Level 2.7 Stealth
 + Level 4.9 Unarmed Combat
 + Level 17.6 Spellcasting
 + Level 16.7 Conjurations
 - Level 12.7 Summonings
 - Level 8.0 Necromancy
 - Level 15.0 Translocations
 * Level 12.5 Transmutations
 * Level 13.1 Air Magic
 + Level 14.9 Earth Magic
 + Level 12.0 Invocations


You had one spell level left.
You knew the following spells:

 Your Spells              Type           Power      Damage    Failure   Level
a - Iron Shot             Conj/Erth      46%        9d9       1%          6
b - Lehudib's Crystal Sp  Conj/Erth      46%        10d11     14%         8
c - Storm Form            Tmut/Air       42%        N/A       6%          7
d - Malign Gateway        Summ/Tloc      43%        N/A       4%          7
e - Passage of Golubria   Tloc           90%        N/A       1%          4
f - Wereblood             Tmut           83%        N/A       0%          2
g - Borgnjor's Vile Clut  Necr/Erth      40%        N/A       1%          5
h - Animate Dead          Necr           68%        N/A       1%          4
i - Blink                 Tloc           100%       N/A       0%          2
j - Apportation           Tloc           100%       N/A       0%          1
k - Sublimation of Blood  Necr           68%        N/A       1%          2
l - Spellforged Servitor  Conj/Summ      44%        N/A       2%          7

Your spell library contained the following spells:

 Spells                   Type           Power      Damage    Failure   Level
 Beastly Appendage        Tmut           100%       N/A       0%          1
 Kiss of Death            Conj/Necr      100%       2d13      0%          1
 Magic Dart               Conj           100%       1d8       0%          1
 Sandblast                Erth           100%       2d20      0%          1
 Shock                    Conj/Air       100%       1d9       0%          1
 Summon Small Mammal      Summ           100%       N/A       0%          1
 Foxfire                  Conj/Fire      100%       2x1d9     1%          1
 Freeze                   Ice            100%       1d10      1%          1
 Necrotise                Necr           100%       1d9       1%          1
 Slow                     Hex            100%       N/A       1%          1
 Sting                    Tmut/Pois      100%       1d8       1%          1
 Call Imp                 Summ           83%        N/A       0%          2
 Lesser Beckoning         Tloc           100%       N/A       0%          2
 Momentum Strike          Conj/Tloc      100%       3d10      0%          2
 Passwall                 Tmut/Erth      71%        N/A       0%          2
 Searing Ray              Conj           100%       2d8       0%          2
 Static Discharge         Conj/Air       100%       2-7/arc   0%          2
 Gell's Gravitas          Tloc           90%        N/A       0%          3
 Stone Arrow              Conj/Erth      100%       3d13      0%          3
 Teleport Other           Tloc           90%        N/A       0%          3
 Vhi's Electric Charge    Tloc/Air       100%       N/A       0%          3
 Cigotuvi's Dreadful Rot  Necr/Pois/Air  100%       N/A       1%          2
 Poisonous Vapours        Pois/Air       100%       N/A       1%          2
 Scorch                   Fire           56%        2d7       1%          2
 Call Canine Familiar     Summ           83%        N/A       1%          3
 Dazzling Flash           Conj/Hex       100%       N/A       1%          3
 Hailstorm                Conj/Ice       69%        3d14      1%          3
 Ignite Poison            Fire/Tmut/Pois 53%        N/A       1%          3
 Kindle Blastsparks       Fire/Tloc/Air  100%       2d18      1%          3
 Mephitic Cloud           Conj/Pois/Air  75%        N/A       1%          3
 Spider Form              Tmut/Pois      62%        N/A       1%          3
 Summon Guardian Golem    Hex/Summ       62%        N/A       1%          3
 Swiftness                Air            84%        N/A       1%          3
 Vampiric Draining        Necr           68%        2d10      1%          3
 Airstrike                Air            42%        2d(6-22)  1%          4
 Dispel Undead            Necr           68%        3d23      1%          4
 Flame Wave               Conj/Fire      69%        2d16      1%          4
 Fulminant Prism          Conj/Hex       34%        3d15      1%          4
 Ice Form                 Ice/Tmut       62%        N/A       1%          4
 Iskenderun's Mystic Bla  Conj/Tloc      92%        2d18      1%          4
 Leda's Liquefaction      Hex/Erth       33%        N/A       1%          4
 Manifold Assault         Tloc           90%        N/A       1%          4
 Petrify                  Tmut/Erth      86%        N/A       1%          4
 Sticky Flame             Conj/Fire      69%        2d8       1%          4
 Summon Ice Beast         Ice/Summ       62%        N/A       1%          4
 Summon Lightning Spire   Summ/Air       84%        N/A       1%          4
 Agony                    Necr           68%        N/A       1%          5
 Arcjolt                  Conj/Air       44%        1d54      1%          5
 Blade Hands              Tmut           41%        N/A       1%          5
 Fireball                 Conj/Fire      34%        3d14      1%          5
 Freezing Cloud           Conj/Ice/Air   37%        6-21      1%          5
 Irradiate                Conj/Tmut      44%        3d26      1%          5
 Iskenderun's Battlesphe  Conj           94%        2d14      1%          5
 Lee's Rapid Deconstruct  Erth           44%        3d21*     1%          5
 Lightning Bolt           Conj/Air       44%        1d64      1%          5
 Summon Forest            Summ/Tloc      43%        N/A       1%          5
 Conjure Ball Lightning   Conj/Air       44%        3x3d15    1%          6
 Dispersal                Tloc           45%        N/A       1%          6
 Statue Form              Tmut/Erth      57%        N/A       1%          6
 Summon Cactus Giant      Summ           41%        N/A       1%          6
 Orb of Destruction       Conj           47%        9d12      1%          7
 Anguish                  Hex/Necr       26%        N/A       2%          4
 Silence                  Hex/Air        31%        N/A       2%          5
 Summon Mana Viper        Hex/Summ       62%        N/A       2%          5
 Alistair's Intoxication  Tmut/Pois      41%        N/A       3%          5
 Yara's Violent Unravell  Hex/Tmut       31%        3d13      3%          5
 Confusing Touch          Hex            28%        N/A       4%          3
 Frozen Ramparts          Ice            56%        1d9       4%          3
 Inner Flame              Hex/Fire       28%        N/A       4%          3
 Tukima's Dance           Hex            28%        N/A       4%          3
 Monstrous Menagerie      Summ           41%        N/A       6%          7
 Summon Hydra             Summ           41%        N/A       6%          7
 Starburst                Conj/Fire      34%        6d10      7%          6
 Dragon Form              Tmut           41%        N/A       7%          7
 Death Channel            Necr           34%        N/A       8%          6
 Cause Fear               Hex            14%        N/A       14%         4
 Olgreb's Toxic Radiance  Pois           28%        N/A       14%         4
 Eringya's Noxious Bog    Tmut/Pois      31%        N/A       16%         6
 Haunt                    Necr/Summ      38%        N/A       16%         7
 Disjunction              Tloc           45%        N/A       19%         8
 Simulacrum               Ice/Necr       26%        N/A       38%         6
 Maxwell's Capacitive Co  Air            42%        ∞         38%         8
 Summon Horrible Things   Summ           41%        N/A       45%         8
 Necromutation            Tmut/Necr      38%        N/A       80%         8
 Infestation              Necr           34%        N/A       97%         8
 Chain Lightning          Conj/Air       44%        3d59      97%         9
 Shatter                  Erth           44%        3d34*     97%         9
 Enfeeble                 Hex            14%        N/A       100%        7
 Ozocubu's Refrigeration  Ice            14%        4d10      100%        7
 Discord                  Hex            14%        N/A       100%        8
 Ignition                 Fire           14%        3d6       100%        8
 Death's Door             Necr           34%        N/A       100%        9
 Dragon's Call            Summ           41%        N/A       100%        9
 Fire Storm               Conj/Fire      34%        8d9       100%        9
 Polar Vortex             Ice            14%        N/A       100%        9
 Portal Projectile        Hex/Tloc       Unusable   N/A       N/A         3
 Animate Armour           Summ/Erth      Unusable   N/A       N/A         4

Dungeon Overview and Level Annotations

Branches:
Dungeon (15/15)            Temple (1/1) D:4            Lair (5/5) D:8
 Shoals (4/4) Lair:3       Spider (4/4) Lair:3        Slime (5/5) Lair:4
    Orc (2/2) D:11            Elf (3/3) Orc:2        Vaults (4/5) D:13
  Crypt (3/3) Vaults:3       Tomb (0/3) Crypt:3      Depths (4/4) D:15
    Zot (1/5) Depths:4      Sewer (visited)          WizLab (visited)
Gauntlet (visited)

Altars:
Ashenzari
Cheibriados
Dithmenos
Fedhas
Gozag
Hepliaklqana
Kikubaaqudgha
Makhleb
Nemelex Xobeh
Sif Muna
Trog
Uskayaw
Xom
Yredelemnul
Zin
Jiyva
Lugonu

Shops:
D:6 *   D:7 **   D:9 *   Orc:1 [   Orc:2 =[[!=   Shoals:2 *   Shoals:4 *
Vaults:3 !   Vaults:4 *   Depths:1 !([!   Depths:4 [*

Portals:
Hell: Depths:1 Depths:2 Depths:3 Depths:4
Abyss: Depths:3 Depths:4
Pandemonium: Depths:2
Ziggurat: Depths:3
Trove: D:10 (give 7 potions of haste)

Annotations:
D:6 exclusion: oklob plant
Lair:3 exclusion: downstairs
Shoals:4 Ilsuiw
Slime:4 exclusion: upstairs
Slime:5 exclusion: upstairs
Elf:2 3 runed translucent doors
Crypt:3 exclusion: upstairs
Depths:1 exclusion: 2 ice statues
Depths:3 5 runed translucent doors, 4 transporters


Innate Abilities, Weirdness & Mutations

You are a lightning-filled tempest!
Your electrical attacks strike out in all directions at once.
You are incredibly evasive.
Your insubstantial body is immune to petrification, constriction, and being set on fire You are flying.
You are immune to poison.
((You have sharp claws.))
((You have razor-sharp teeth.))
You have supernaturally acute eyesight. (SInv)
((You cover ground quickly. (Speed+)))
((Your thick and shaggy fur keeps you warm. (AC +3, rC+)))
((Your paws help you pounce on unaware monsters.))
You are incapable of wielding weapons or throwing items.
You cannot wear armour.
You gain extra lives every three experience levels.
((You are partially covered in iridescent scales. (AC +2)))
Your magical capacity is low. (-10% MP)
((You are vulnerable to heat. (rF-)))
You expend magic power (3 MP) to strengthen your wands.


Message History

The green draconian hits your spellforged servitor with a +0 halberd!
The green draconian tail-slaps your spellforged servitor but does no damage.
The shadow dragon completely misses you.
The shadow dragon closely misses you. The shadow dragon claws you.
The white draconian completely misses you.
The red draconian barely misses your spellforged servitor.
Your spellforged servitor points at the green draconian and mumbles some strange words.
The crystal spear hits the green draconian!!!
The yellow draconian annihilator attacks as you move away!
The yellow draconian annihilator closely misses you.
The white draconian attacks as you move away!
The white draconian hits you with a +0 war axe.
The green draconian barely misses your spellforged servitor.
The green draconian tail-slaps your spellforged servitor!
The shadow dragon completely misses you.
The shadow dragon misses you. x2
There is a gate leading back out of this place here.
The green draconian hits your spellforged servitor with a +0 halberd.
The green draconian tail-slaps your spellforged servitor.
The shadow dragon bites you but does no damage.
The shadow dragon claws you.
The shadow dragon completely misses you.
The yellow draconian annihilator completely misses you.
The white draconian breathes frost at you.
The blast of cold hits you! You resist.
Your spellforged servitor points at the green draconian and mumbles some strange words.
The crystal spear hits the green draconian!!!
The green draconian dies!
Sif Muna accepts your kill.
You see here Sif Muna's Dissertation on Limned Ensorcelling {god gift}.
Sif Muna grants you a gift!
You fly up through the gate.
Welcome back to the Depths!
There is a gate to the Realm of Zot, spattered with blood here.
Casting: Borgnjor's Vile Clutch (mildly dangerous; 1% risk of failure)
Confirm with . or Enter, or press ? or * to list all spells.
You blink.
The shadow dragon breathes negative energy at you.
The bolt of negative energy hits you!!!
You feel drained.
Ouch! That really hurt!
You die...

#.....#..###..###.###....## ###.
#######.###..##...q.##....## ###.
##.##..##...§...##....###...
#..#..##....dD...##....##.#.
######.#..##...........##....#.#<
.........##...[....[[...##.....#.
#.#####.##......(⌠.......##.#..#.
#...##..#).[.(....[.......#..#...
....#..##)...)..v.........##.....
'###..##...).#########.....##..#.
.....##.)[.###.......###....##...
....##...###...#####...###...##..
....#..###...### ###...###..#.#
....#'##...### ###...##'#.#
.......Z.###### ###.......
......####....# ####....
...#.#####.##.## ###### #..##


You could see a shadow dragon (catching breath), a white draconian (catching
breath) and a yellow draconian annihilator (catching breath).

Vanquished Creatures
  the Royal Jelly (Slime:5)
  An ancient lich (Vaults:4)
  2 curse toes (Crypt:3)
  A golden dragon (Depths:4)
  the Enchantress (Depths:4)
  Rupert (D:13)
  An Ice Fiend (Depths:1)
  Zenata (Vaults:1)
  4 liches
  3 deep elf master archers
  A deep elf blademaster (Elf:3)
  A titan (Depths:2)
  10 acid blobs (Slime:5)
  A quicksilver dragon (Depths:4)
  4 sphinxes
  A kraken (Shoals:1)
  4 ancient champions
  Frances (D:14)
  Polyphemus (Shoals:2)
  4 tengu reavers
  A thorn hunter (WizLab)
  10 rockslimes
  3 azure jellies (Slime:5)
  3 fenstrider witches (WizLab)
  3 fire giants
  3 vault wardens
  An emperor scorpion (Spider:4)
  3 frost giants
  6 ghost moths
  2 deep elf sorcerers
  2 draconian scorchers (Zot:1)
  2 curse skulls (Crypt:1)
  A draconian shifter (Depths:4)
  5 very ugly things
  3 ironbound preservers
  5 ironbound thunderhulks
  A broodmother (Spider:2)
  2 ghouls
  3 spriggan defenders (Depths:4)
  5 vampire knights
  A war gargoyle (D:15)
  7 quicksilver oozes
  7 stone giants
  2 deep elf demonologists (Elf:3)
  Nessos (D:13)
  2 dire elephants (Vaults:2)
  A white draconian (Depths:4)
  A black draconian (Depths:4)
  An eleionoma (WizLab)
  10 spark wasps
  2 eidola (Crypt:3)
  A yellow draconian (Zot:1)
  5 deep elf death magi
  2 nameless horrors
  A crystal guardian (Vaults:4)
  7 ettins
  5 merfolk javelineers
  A blizzard demon (Gauntlet)
  4 jiangshi
  9 fire dragons
  5 great orbs of eyes
  A deep elf high priest (Elf:3)
  7 merfolk impalers
  6 entropy weavers
  A shambling mangrove (WizLab)
  5 yaktaur captains
  A jorogumo (Spider:3)
  2 rakshasas
  2 ice dragons
  5 vault guards (Vaults:3)
  4 hydras
  2 peacekeepers
  5 ironbound frosthearts
  7 catoblepae
  2 ghost crabs (Lair:4)
  7 centaur warriors
  An ogre mage (D:15)
  A merfolk aquamancer (Shoals:4)
  Harold (D:9)
  A radroach (Spider:2)
  5 merfolk avatars
  5 spriggan air magi
  An alligator snapping turtle (Shoals:4)
  6 boulder beetles
  4 satyrs
  A titan zombie (Crypt:1)
  A dancing weapon (Elf:2)
  6 deep troll earth magi
  A death scarab (Spider:4)
  8 death yaks
  4 tengu warriors
  3 two-headed ogres
  5 orc high priests
  A soul eater (Crypt:3)
  A spriggan berserker (Depths:4)
  2 naga sharpshooters (WizLab)
  Urug (D:13)
  2 vampire magi (Crypt:1)
  10 hell knights
  A shock serpent (shapeshifter) (Vaults:3)
  An iron troll (Depths:3)
  12 deep elf knights
  Amaemon (Lair:3)
  3 fire crabs (Lair:4)
  A shadow wraith (Crypt:2)
  4 skysharks
  7 skeletal warriors
  2 flayed ghosts
  2 sea snakes
  Lodul (D:12)
  9 orb spiders
  A pharaoh ant (Spider:1)
  16 deep trolls
  6 deep elf archers
  A bog body (Crypt:2)
  A shadow demon (Depths:2)
  12 ironbound convokers
  A shadow dragon zombie (Crypt:1)
  6 wizards
  8 phantasmal warriors
  A lindwurm (Vaults:1)
  12 harpies
  An obsidian statue (Vaults:4)
  14 deep elf zephyrmancers
  2 steelbarb worms
  A human zombie (Vaults:3)
  6 orc sorcerers
  2 oklob plants (WizLab)
  6 necromancers
  11 wolf spiders
  16 ugly things
  A salamander (shapeshifter) (D:15)
  13 deep elf pyromancers
  7 orc knights
  17 fauns
  5 elephants
  3 shining eyes
  An apocalypse crab (Lair:4)
  13 manticores
  5 merfolk sirens
  A jorogumo skeleton (Crypt:3)
  6 cyclopes
  2 moths of wrath
  A rust devil (Gauntlet)
  Maurice (D:13)
  6 water nymphs
  11 vault sentinels
  5 black mambas
  4 demonic crawlers
  2 unseen horrors (shapeshifter)
  2 orange demons
  A molten gargoyle (D:11)
  4 gargoyles
  8 torpor snails
  3 rime drakes
  8 komodo dragons
  6 cane toads
  An efreet (D:15)
  A yellow draconian zombie (Crypt:2)
  A tormentor (Depths:4)
  A komodo dragon (shapeshifter) (D:15)
  22 yaktaurs
  5 freezing wraiths
  A tengu conjurer (D:15)
  A red devil (Depths:2)
  2 meliai (D:15)
  3 trolls
  5 wind drakes
  16 merfolk
  A polar bear (Lair:2)
  A wolf spider simulacrum (D:14)
  A merfolk (shapeshifter) (D:15)
  2 blink frogs
  20 tarantellas
  7 hornets
  A fire dragon zombie (Crypt:3)
  A tarantella zombie (Crypt:3)
  6 dream sheep
  Prince Ribbit (D:5)
  8 snapping turtles
  A jumping spider zombie (Crypt:2)
  42 slime creatures
  A centaur simulacrum (D:15)
  7 flying skulls (Gauntlet)
  19 jumping spiders
  15 culicivoras
  11 water elementals
  A ynoxinul (Gauntlet)
  48 yaks
  5 spriggans (Depths:4)
  A wyvern (Lair:5)
  2 shadows
  14 humans
  A vampire (D:11)
  5 wraiths
  5 basilisks
  47 redbacks
  2 steam dragons
  A catoblepas simulacrum (Lair:4)
  6 wargs
  An acid dragon (D:11)
  13 water moccasins
  23 orc warriors
  3 black bears
  A black mamba simulacrum (Lair:4)
  A boulder beetle simulacrum (Lair:4)
  A boggart (shapeshifter) (Depths:3)
  9 ogres
  10 wolves
  A swamp dragon zombie (Crypt:1)
  18 centaurs
  A phantom (D:5)
  4 kobold brigands
  A gnoll sergeant (D:7)
  A rime drake skeleton (Crypt:3)
  6 bullfrogs
  2 necrophages
  5 scorpions
  2 earth elementals (Elf:2)
  7 wights (D:8)
  A yak zombie (Crypt:3)
  16 killer bees
  4 electric eels
  4 howler monkeys
  A jelly (D:3)
  2 lava snakes (D:10)
  A bullfrog zombie (Crypt:2)
  A torpor snail simulacrum (Lair:4)
  A crimson imp (D:4)
  3 hounds
  27 orc priests
  A gnoll bouda (D:5)
  3 iron imps
  5 iguanas
  21 orc wizards
  A naga zombie (Crypt:1)
  An ice beast zombie (Crypt:3)
  2 ogre zombies
  An ogre skeleton (Crypt:3)
  5 adders
  28 gnolls
  A shadow imp (D:7)
  A white imp (D:4)
  An adder skeleton (Crypt:1)
  4 worms
  2 dart slugs
  89 orcs
  11 ball pythons
  9 endoplasms
  A giant cockroach (D:1)
  5 goblins
  5 hobgoblins
  10 jackals
  32 kobolds
  5 quokkas
  17 bats
  3 frilled lizards
  A jackal zombie (Crypt:3)
  8 rats
  A tentacle (Shoals:1)
1402 creatures vanquished.

Vanquished Creatures (collateral kills)
  Mara (Depths:3)
  Sojobo (Depths:1)
  Bai Suzhen (Crypt:1)
  Saint Roka (Vaults:1)
  Nikola (Depths:1)
  Frederick (Depths:4)
  2 doom hounds (Depths:4)
  2 bone dragons (Depths:4)
  2 tentacled monstrosities
  Grunn (Depths:4)
  2 liches
  Asterion (Depths:1)
  A deep elf blademaster (Elf:3)
  A deep elf master archer (WizLab)
  9 acid blobs (Slime:5)
  A walking frostbound tome (Depths:3)
  The ghost of Konionua the Bewitcher, an adept KoEn of Dithmenos (Vaults:4)
  The ghost of Muuss the Thaumaturge, an adept GnHW of Ashenzari (Lair:4)
  4 ancient champions
  5 eldritch tentacles
  2 tengu reavers
  Roxanne (Spider:4)
  A thorn hunter (WizLab)
  A shadow dragon (Depths:4)
  2 storm dragons
  A sphinx (Vaults:4)
  3 azure jellies (Slime:5)
  2 rockslimes
  5 fire giants
  4 emperor scorpions
  5 deep elf sorcerers (Elf:3)
  7 frost giants
  3 vault wardens
  A draconian scorcher (Zot:1)
  4 orc warlords
  Aizul (Spider:4)
  4 draconian shifters
  3 deep elf elementalists
  12 ghouls
  An iron dragon (Depths:2)
  2 reapers (Crypt:2)
  9 ironbound preservers
  3 draconian stormcallers
  A spriggan defender (Depths:2)
  2 curse skulls
  11 stone giants
  A draconian annihilator (Zot:1)
  A quicksilver ooze (shapeshifter) (Elf:3)
  10 very ugly things
  2 broodmothers
  3 ironbound thunderhulks
  4 quicksilver oozes (Slime:5)
  A green draconian (Zot:1)
  4 black draconians
  An eleionoma (WizLab)
  3 vampire knights
  8 deep elf annihilators
  4 spark wasps
  5 deep elf demonologists (Elf:3)
  2 red draconians (Zot:1)
  A minotaur (shapeshifter) (Vaults:3)
  5 dire elephants (Vaults:2)
  A yellow draconian (Zot:1)
  An ettin (shapeshifter) (Depths:3)
  Josephine (D:13)
  An acid blob zombie (Crypt:1)
  4 eidola
  4 ettins
  5 jiangshi
  3 merfolk javelineers
  2 deep elf death magi (Elf:3)
  6 fire dragons
  5 entropy weavers
  3 merfolk impalers (Shoals:4)
  2 shambling mangroves (WizLab)
  A great orb of eyes (Slime:5)
  6 yaktaur captains
  3 ice dragons
  A vault guard (Vaults:3)
  2 spriggan zombies (Crypt:1)
  2 ogre magi
  2 centaur warriors
  A jorogumo (Spider:4)
  A hydra (D:13)
  A merfolk aquamancer (Shoals:4)
  2 ironbound frosthearts
  2 death knights
  A spriggan air mage (Depths:3)
  An alligator snapping turtle (Shoals:4)
  2 boulder beetles
  6 dancing weapons
  4 radroaches
  3 satyrs
  3 deep troll shamans
  3 death yaks (Lair:5)
  A deep troll earth mage (Depths:3)
  2 tengu warriors
  3 vampire magi
  A titan zombie (Crypt:1)
  An orc high priest (Elf:2)
  A shock serpent (shapeshifter) (Depths:4)
  9 hell knights
  A spriggan berserker (Depths:3)
  8 deep elf knights
  2 skysharks
  2 sun moths
  A fire crab (Lair:4)
  5 pharaoh ants
  A titan skeleton (Crypt:2)
  An iron troll (Depths:4)
  A spectral death yak (Lair:4)
  A spriggan rider (Depths:4)
  15 skeletal warriors
  A ghost moth zombie (Crypt:3)
  8 orb spiders
  A flayed ghost (Crypt:3)
  30 deep trolls
  4 deep elf archers
  8 phantasmal warriors
  2 steelbarb worms (Spider:4)
  3 bog bodies
  An anaconda skeleton (Crypt:1)
  2 wizards
  3 ironbound convokers
  2 necromancers
  3 lindwurms
  18 wolf spiders
  12 orc knights
  2 harpies
  17 ugly things
  16 deep elf pyromancers
  13 deep elf zephyrmancers
  A shadow dragon zombie (Crypt:1)
  An oklob plant (WizLab)
  3 manticores
  A moth of wrath (Zot:1)
  2 shining eyes (Slime:5)
  A frost giant zombie (Vaults:3)
  A shadow dragon skeleton (Crypt:2)
  2 fauns (WizLab)
  A vault sentinel (Vaults:1)
  A demonic crawler (Spider:4)
  2 torpor snails
  An eye of devastation (Slime:5)
  2 cane toads (Lair:1)
  An ice devil (Depths:1)
  A komodo dragon (Lair:1)
  12 yaktaurs
  A tengu conjurer (Depths:3)
  7 freezing wraiths
  A tormentor (Depths:4)
  2 trolls
  6 merfolk
  A meliai (shapeshifter) (D:15)
  A wind drake (Shoals:2)
  A meliai (D:15)
  A harpy skeleton (Crypt:1)
  2 snapping turtles
  2 blink frogs (Lair:5)
  8 hornets
  9 tarantellas
  An ice dragon zombie (Crypt:1)
  6 dream sheep
  31 slime creatures
  11 jumping spiders
  A spriggan (Depths:4)
  7 culicivoras
  An air elemental (Elf:3)
  3 wraiths
  6 water elementals
  2 humans (D:13)
  A spectral komodo dragon (Lair:4)
  13 yaks
  A wyvern (Lair:1)
  2 basilisks (Lair:4)
  A chaos spawn (Depths:2)
  27 redbacks
  A water moccasin (shapeshifter) (D:15)
  6 water moccasins
  9 orc warriors
  2 ogres (D:12)
  15 wolves
  An elf simulacrum (Vaults:3)
  A salamander zombie (Crypt:2)
  A hog skeleton (Crypt:2)
  5 bullfrogs
  3 earth elementals
  A cane toad simulacrum (Lair:4)
  A yak skeleton (Crypt:1)
  A spriggan skeleton (Crypt:1)
  3 orc wizards
  11 orcs
  A quokka zombie (Crypt:2)
723 creatures vanquished.

Vanquished Creatures (others)
  32 eldritch tentacles
  A doom hound zombie (Depths:4)
  8 very ugly thing zombies
  A vampire mage (Crypt:1)
  A ghost moth zombie (Spider:4)
  6 spark wasp zombies
  11 ugly thing zombies
  A deep elf pyromancer (Elf:3)
  A jorogumo zombie (Spider:4)
  A frost giant zombie (Depths:3)
  A stone giant zombie (Depths:3)
  2 cyclops zombies
  2 wolf spider zombies
  2 ugly things (Depths:3)
  A vault sentinel (Vaults:1)
  2 death yak zombies (Lair:5)
  2 black draconian zombies (Depths:4)
  A minotaur zombie (Vaults:3)
  5 spriggan zombies
  2 orb spider zombies (Spider:3)
  17 redback zombies
  4 harpy zombies
  2 hydra zombies
  A boulder beetle zombie (D:15)
  3 fire dragon zombies
  3 tarantella zombies
  7 jumping spider zombies
  4 meliai zombies (D:15)
  4 culicivora zombies
  2 ettin zombies
  A black mamba zombie (Lair:4)
  2 slime creature zombies (Vaults:2)
  A wind drake zombie (Shoals:2)
  11 merfolk zombies
  18 deep troll zombies
  2 skyshark zombies
  2 cane toad zombies (Lair:5)
  A black bear (D:8)
  A hornet zombie (Spider:3)
  4 manticore zombies
  5 dream sheep zombies
  24 elf zombies
  2 lindwurm zombies (Vaults:1)
  3 snapping turtle zombies
  A torpor snail zombie (Spider:2)
  A komodo dragon zombie (Lair:3)
  A bullfrog (D:8)
  9 yaktaur zombies
  A wyvern zombie (Lair:5)
  2 water moccasin zombies
  A warg zombie (Orc:2)
  7 yak zombies
  2 troll zombies
  A bullfrog zombie (Lair:3)
  9 centaur zombies
  18 human zombies
  4 basilisk zombies
  3 ogre zombies
  An orc (Elf:1)
  35 orc zombies
  A bush (WizLab)
  40 fungi
  104 plants
  20 tentacles (Shoals:1)
  28 withered plants (Gauntlet)
496 creatures vanquished.

Grand Total: 2621 creatures vanquished

Notes
Turn   | Place    | Note
-------+----------+-------------------------------------------
     0 | D:1      | FexLirch the Felid Air Elementalist began the quest for the
                  | Orb.
     0 | D:1      | Reached XP level 1. HP: 7/7 MP: 4/4
    28 | D:1      | Reached skill level 1 in Conjurations
   272 | D:1      | Reached XP level 2. HP: 11/11 MP: 4/6
   686 | D:1      | Reached XP level 3. HP: 14/14 MP: 5/7
  1335 | D:1      | You fall into a shaft and drop 1 floor!
  1476 | D:2      | Reached XP level 4. HP: 18/18 MP: 5/9
  1531 | D:2      | Learned a level 2 spell: Static Discharge
  1535 | D:2      | Learned a level 3 spell: Swiftness
  2253 | D:2      | Found a faded altar of an unknown god.
  2696 | D:3      | Reached XP level 5. HP: 21/21 MP: 7/10
  2729 | D:3      | Found a glowing drain.
  2746 | Sewer    | Entered a sewer
  2861 | Sewer    | Noticed a water moccasin
  2873 | Sewer    | Learned a level 4 spell: Airstrike
  2887 | Sewer    | Killed a water moccasin
  3496 | D:4      | Found a snail-covered altar of Cheibriados.
  3521 | D:4      | Gained mutation: You are covered in thick fur. (AC +2)
                  | [Felid growth]
  3521 | D:4      | Reached XP level 6. HP: 10/24 MP: 4/12
  4258 | D:4      | Found a staircase to the Ecumenical Temple.
  4277 | D:4      | Reached XP level 7. HP: 20/27 MP: 4/14
  4283 | Temple   | Entered the Ecumenical Temple
  4302 | Temple   | Became a worshipper of Sif Muna the Loreminder
  4831 | D:5      | Entered Level 5 of the Dungeon
  4913 | D:5      | Reached skill level 5 in Air Magic
  5321 | D:5      | Found a sparkling altar of Nemelex Xobeh.
  5372 | D:5      | Reached skill level 5 in Spellcasting
  5659 | D:5      | Reached * piety under Sif Muna
  5783 | D:5      | Reached XP level 8. HP: 24/31 MP: 5/16
  5907 | D:5      | Noticed Prince Ribbit
  5910 | D:5      | Killed Prince Ribbit
  5911 | D:5      | Reached skill level 5 in Conjurations
  6209 | D:6      | Reached skill level 1 in Translocations
  6472 | D:6      | Found a blossoming altar of Fedhas.
  6491 | D:6      | Noticed an oklob plant
  6864 | D:6      | Found Qocecs's CLEARANCE SALE!.
  7000 | D:6      | Reached XP level 9. HP: 34/34 MP: 12/19
  7005 | D:6      | Learned a level 4 spell: Passage of Golubria
  7569 | D:7      | Reached ** piety under Sif Muna
  7771 | D:7      | Found Igriuses's General Store.
  7775 | D:7      | Found Qaji's Specific Store.
  7782 | D:7      | Bought a scroll of fog for 56 gold pieces
  7782 | D:7      | Bought a potion of degeneration for 14 gold pieces
  8617 | D:8      | Reached skill level 3 in Dodging
  8621 | D:8      | Reached skill level 1 in Fighting
  9041 | D:8      | Reached skill level 5 in Translocations
  9261 | D:8      | Reached *** piety under Sif Muna
  9262 | D:8      | Reached skill level 4 in Dodging
  9484 | D:8      | Noticed a two-headed ogre
  9531 | D:8      | Killed a two-headed ogre
  9687 | D:8      | Reached XP level 10. HP: 41/41 MP: 14/21
  9717 | D:8      | Identified the amulet "Neinupos" {Acrobat Fragile rN+++
                  | Regen+ Str-4}
  9773 | D:8      | Reached skill level 5 in Dodging
  9971 | D:8      | Found a staircase to the Lair.
 10247 | D:9      | Found Qoes's General Store.
 10363 | D:9      | Noticed Harold
 10369 | D:9      | Killed Harold
 10947 | D:9      | Learned a level 3 spell: Stone Arrow
 11104 | D:9      | Reached skill level 6 in Dodging
 11104 | D:9      | Reached skill level 1 in Necromancy
 11104 | D:9      | Reached skill level 1 in Earth Magic
 11665 | D:9      | Bought a book of Unlife for 396 gold pieces
 11671 | D:9      | Learned a level 5 spell: Borgnjor's Vile Clutch
 12155 | D:10     | Entered Level 10 of the Dungeon
 12217 | D:10     | Reached XP level 11. HP: 46/46 MP: 9/24
 12448 | D:10     | Found a glowing silver altar of Zin.
 12449 | D:10     | Reached **** piety under Sif Muna
 12523 | D:10     | Found an opulent altar of Gozag.
 12734 | D:10     | Noticed a two-headed ogre
 12736 | D:10     | Killed a two-headed ogre
 12844 | D:10     | Found a portal to a secret trove of treasure.
 12941 | D:10     | Found a shadowy altar of Dithmenos.
 12941 | D:10     | Found a broken altar of Ashenzari.
 13479 | D:10     | Noticed a deep elf zephyrmancer
 14055 | D:11     | Reached skill level 5 in Fighting
 14061 | D:11     | Reached skill level 7 in Dodging
 14278 | D:11     | Found a staircase to the Orcish Mines.
 14556 | D:11     | Learned a level 4 spell: Animate Dead
 15302 | D:12     | Noticed a deep elf pyromancer
 15304 | D:12     | Killed a deep elf pyromancer
 15607 | D:12     | Noticed Lodul
 16361 | D:12     | Killed Lodul
 16365 | D:12     | Gained mutation: Your thick and shaggy fur keeps you warm.
                  | (AC +3, rC+) [Felid growth]
 16365 | D:12     | Reached XP level 12. HP: 52/52 MP: 7/26
 16527 | D:12     | Reached skill level 5 in Earth Magic
 17036 | D:12     | Identified the amulet of Honesty {Spirit -Cast Regen+ Str-3
                  | SInv}
 17082 | D:13     | Reached skill level 8 in Dodging
 17221 | D:13     | Noticed Rupert
 17221 | D:13     | Noticed Nessos
 17221 | D:13     | Noticed Urug
 17221 | D:13     | Found a gate to the Vaults.
 17412 | Lair:1   | Entered Level 1 of the Lair of Beasts
 17420 | Lair:1   | Reached ***** piety under Sif Muna
 17438 | Lair:1   | Received a gift from Sif Muna
 17439 | Lair:1   | Got Sif Muna's Atlas of Helpful Pollution {god gift}
 17468 | Lair:1   | Reached skill level 1 in Invocations
 17558 | Lair:1   | Got the Almanac of Black Arts
 17627 | Lair:1   | Found a gate leading to a gauntlet.
 17679 | Gauntlet | Entered a Gauntlet
 17679 | Gauntlet | Found a transporter.
 17679 | Gauntlet | Found a transporter.
 17683 | Gauntlet | Found a transporter.
 17683 | Gauntlet | Found a transporter.
 17685 | Gauntlet | Noticed a tengu warrior
 17690 | Gauntlet | Found a transporter.
 17698 | Gauntlet | a sea snake changed into a two-headed ogre
 17698 | Gauntlet | Noticed a two-headed ogre (glowing shapeshifter)
 17700 | Gauntlet | a two-headed ogre changed into a moth of wrath
 17731 | Gauntlet | Found a transporter.
 17747 | Gauntlet | Found a transporter.
 17760 | Gauntlet | Found a transporter.
 17777 | Gauntlet | Found a transporter.
 17777 | Gauntlet | Noticed a blizzard demon
 17852 | Gauntlet | Noticed a great orb of eyes
 17857 | Gauntlet | Found a transporter.
 17882 | Gauntlet | Found a transporter.
 17886 | Gauntlet | Found a transporter.
 17889 | Gauntlet | Found a transporter.
 17921 | Gauntlet | a redback changed into a two-headed ogre
 17921 | Gauntlet | Noticed a two-headed ogre (glowing shapeshifter)
 17926 | Gauntlet | a shock serpent changed into an anaconda
 17926 | Gauntlet | Noticed an anaconda (shapeshifter)
 17937 | Gauntlet | a two-headed ogre changed into a tarantella
 17938 | Gauntlet | an anaconda changed into a broodmother
 17938 | Gauntlet | Noticed a broodmother (shapeshifter)
 17965 | Gauntlet | Found a transporter.
 17985 | Gauntlet | Found a transporter.
 18265 | Gauntlet | Identified the ring "Anux" {Fly rElec Will++ EV+5 Int-4}
 18451 | Gauntlet | Identified the +8 trident "Taclucat" {venom, rPois rF+
                  | Int+3 Dex-3}
 18451 | Gauntlet | Noticed a minotaur
 18474 | Gauntlet | Demolished by a minotaur
 18475 | Gauntlet | Reached XP level 11. HP: -14/47 MP: 7/25
 18487 | Gauntlet | Noticed a great orb of eyes
 18488 | Gauntlet | Noticed an ice dragon
 18490 | Gauntlet | an ice dragon changed into a great orb of eyes
 18490 | Gauntlet | Noticed a great orb of eyes (glowing shapeshifter)
 18491 | Gauntlet | a great orb of eyes changed into a satyr
 18491 | Gauntlet | Noticed a satyr (glowing shapeshifter)
 18495 | Gauntlet | a satyr changed into a seven-headed hydra
 18495 | Gauntlet | Noticed a seven-headed hydra (glowing shapeshifter)
 18500 | Gauntlet | a seven-headed hydra changed into a quicksilver ooze
 18500 | Gauntlet | Noticed a quicksilver ooze (glowing shapeshifter)
 18501 | Gauntlet | a quicksilver ooze changed into a goliath frog
 18501 | Gauntlet | Noticed a goliath frog (glowing shapeshifter)
 18501 | Gauntlet | Found a transporter.
 18502 | Gauntlet | a goliath frog changed into a great orb of eyes
 18502 | Gauntlet | Noticed a great orb of eyes (glowing shapeshifter)
 18511 | Gauntlet | a great orb of eyes changed into a seven-headed hydra
 18511 | Gauntlet | Noticed a seven-headed hydra (glowing shapeshifter)
 18551 | Gauntlet | Noticed a fire giant
 18551 | Gauntlet | Noticed a harpy
 18554 | Gauntlet | a fire giant changed into an azure jelly
 18554 | Gauntlet | Noticed an azure jelly (glowing shapeshifter)
 18560 | Gauntlet | an azure jelly changed into a death yak
 18560 | Gauntlet | Noticed a death yak (glowing shapeshifter)
 18574 | Gauntlet | Killed a blizzard demon
 18575 | Gauntlet | Reached skill level 10 in Spellcasting
 18587 | Gauntlet | Noticed an emperor scorpion
 18588 | Gauntlet | an emperor scorpion changed into an azure jelly
 18588 | Gauntlet | Noticed an azure jelly (glowing shapeshifter)
 18594 | Gauntlet | Identified the ring of Ceife {rPois Will+ Dex+6}
 18772 | Gauntlet | Identified the +0 cloak "Geg Hod" {rElec Dex+3}
 18773 | Gauntlet | Got the Grimoire of a Million Ears
 18783 | Lair:1   | Learned a level 2 spell: Blink
 18977 | Lair:2   | Noticed a catoblepas
 19458 | Lair:2   | Killed a catoblepas
 19728 | Lair:2   | Noticed a skyshark
 19866 | Lair:2   | Killed a skyshark
 20055 | Lair:2   | Reached XP level 12. HP: 53/53 MP: 10/27
 20137 | Lair:2   | Reached skill level 5 in Necromancy
 20264 | Lair:2   | Reached skill level 9 in Dodging
 20688 | Lair:3   | Reached skill level 10 in Conjurations
 21306 | Lair:3   | Found a hole to the Spider Nest.
 21409 | Lair:3   | Noticed Amaemon
 21419 | Lair:3   | Killed Amaemon
 21696 | Lair:3   | Found a staircase to the Shoals.
 22662 | Lair:4   | Found a staircase to the Slime Pits.
 22662 | Lair:4   | Noticed a catoblepas
 22671 | Lair:4   | Killed a catoblepas
 23060 | Lair:4   | Found a runed translucent door.
 23946 | Lair:4   | Received a gift from Sif Muna
 23955 | Lair:4   | Got Sif Muna's Handbook of Roasted Fumes {god gift}
 23969 | Lair:4   | Found a runed translucent gate.
 23969 | Lair:4   | Found a runed translucent gate.
 23969 | Lair:4   | Found a runed translucent gate.
 23970 | Lair:4   | Noticed Muuss's ghost (adept GnHW)
 24149 | Lair:4   | Reached XP level 13. HP: 57/57 MP: 20/28
 25009 | Lair:5   | Entered Level 5 of the Lair of Beasts
 25201 | Lair:5   | Found a bloodstained altar of Trog.
 25978 | Lair:5   | Reached skill level 10 in Dodging
 27169 | Lair:5   | Received a gift from Sif Muna
 27170 | Lair:5   | Got Sif Muna's Omnibus of Points {god gift}
 28272 | Orc:1    | Entered Level 1 of the Orcish Mines
 28536 | Orc:1    | Found Koazaim's Antique Armour Emporium.
 28820 | Orc:2    | Entered Level 2 of the Orcish Mines
 28940 | Orc:1    | Reached XP level 14. HP: 61/61 MP: 24/30
 29198 | Orc:2    | Reached skill level 5 in Invocations
 29697 | Orc:2    | Found a staircase to the Elven Halls.
 29985 | Orc:2    | Found Wumef's Jewellery Boutique.
 30004 | Orc:2    | Received a gift from Sif Muna
 30015 | Orc:2    | Got Sif Muna's Cyclopedia of Composition and Ill Luck {god
                  | gift}
 30431 | Orc:2    | Reached skill level 11 in Dodging
 30834 | Orc:2    | Found Kous's Armour Shoppe.
 30834 | Orc:2    | Found Limatuit's Jewellery Boutique.
 30836 | Orc:2    | Found Zussoumm's Antique Armour Shoppe.
 30836 | Orc:2    | Found Jiym's Distillery.
 30851 | Orc:2    | Bought a potion of haste for 140 gold pieces
 30851 | Orc:2    | Bought a potion of heal wounds for 70 gold pieces
 30851 | Orc:2    | Bought a potion of curing for 42 gold pieces
 30851 | Orc:2    | Bought a potion of brilliance for 56 gold pieces
 31475 | D:13     | Noticed Maurice
 31482 | D:13     | Killed Maurice
 31925 | D:10     | Upgraded the game from 0.30-a0-824-g6c64550be9 to
                  | 0.30-a0-830-gfe289a77b0
 32126 | D:10     | Upgraded the game from 0.30-a0-830-gfe289a77b0 to
                  | 0.30-a0-840-ga523dec638
 32228 | Spider:1 | Entered Level 1 of the Spider Nest
 34314 | Spider:1 | Received a gift from Sif Muna
 34315 | Spider:1 | Got Sif Muna's Treatise on Bewitchment and Sinister Magic
                  | {god gift}
 34645 | Spider:2 | Reached XP level 15. HP: 50/67 MP: 16/31
 35391 | Spider:2 | Reached skill level 12 in Dodging
 36049 | Spider:2 | Reached skill level 1 in Summonings
 36468 | Spider:3 | Noticed an emperor scorpion
 36878 | Shoals:1 | Entered Level 1 of the Shoals
 37852 | Shoals:1 | Noticed a kraken
 37870 | Shoals:1 | Killed a kraken
 38129 | Shoals:1 | Noticed a kraken
 38561 | Shoals:2 | Noticed Polyphemus
 38561 | Shoals:2 | Found Bimebik's Assorted Antiques.
 39196 | Shoals:2 | Received a gift from Sif Muna
 39197 | Shoals:2 | Got Iciechuh's Anthology of the Wild Compass {god gift}
 39717 | Shoals:2 | Killed Polyphemus
 39770 | Shoals:2 | Found a runed translucent door.
 39908 | Shoals:2 | Identified the +1 robe of Tetidaack {*Corrode Regen+ SInv}
 39955 | Shoals:2 | Your ally Polyphemus died
 40098 | Shoals:2 | Reached skill level 5 in Summonings
 40334 | Shoals:3 | Reached skill level 10 in Fighting
 40334 | Shoals:3 | Reached XP level 16. HP: 56/73 MP: 2/33
 40522 | Shoals:3 | Learned a level 1 spell: Apportation
 40590 | Shoals:3 | Reached skill level 10 in Earth Magic
 40696 | Shoals:2 | Reached skill level 13 in Dodging
 41468 | Shoals:4 | Entered Level 4 of the Shoals
 41659 | Shoals:4 | Noticed Ilsuiw
 42095 | Shoals:3 | Found a hazy altar of Hepliaklqana.
 42466 | Shoals:4 | Found Loixixzojy's General Store.
 42497 | Shoals:4 | Bought a scroll of blinking for 135 gold pieces
 42550 | Shoals:4 | Identified the ring "Oniezun" {rF++ EV+5}
 43798 | Shoals:4 | Got a barnacled rune of Zot
 44439 | D:13     | Killed Rupert
 44440 | D:13     | Killed Urug
 44441 | D:13     | Received a gift from Sif Muna
 44442 | D:13     | Got Sif Muna's Almanac of Floating Ectoplasm {god gift}
 44446 | D:13     | Learned a level 2 spell: Sublimation of Blood
 44845 | D:13     | Killed Nessos
 45117 | D:13     | Noticed Josephine
 45124 | D:13     | Killed Josephine
 45293 | D:13     | Your ally Nessos died
 45758 | D:14     | Noticed Frances
 45768 | D:14     | Killed Frances
 46843 | D:15     | Entered Level 15 of the Dungeon
 47100 | D:15     | Reached XP level 17. HP: 72/78 MP: 10/35
 47707 | D:15     | Received a gift from Sif Muna
 47708 | D:15     | Got Sif Muna's Volume of Nightshade and the Swarm {god
                  | gift}
 47730 | D:15     | Reached skill level 14 in Dodging
 48866 | D:15     | Identified the ring of Brilliance {rF+ rCorr Int+3 Dex+8}
 49122 | D:15     | Found a staircase to the Depths.
 50569 | D:15     | Learned a level 7 spell: Spellforged Servitor
 50580 | D:15     | Learned a level 8 spell: Lehudib's Crystal Spear
 51846 | Orc:2    | Bought the ring "Picoucwa" {Wiz Slay+2} for 454 gold pieces
 51889 | Elf:1    | Entered Level 1 of the Elven Halls
 51937 | Elf:1    | Slain by an earth elemental
 51938 | Elf:1    | Reached XP level 16. HP: -2/75 MP: 11/34
 51957 | Elf:1    | Reached skill level 10 in Translocations
 52073 | Elf:1    | Got the Directory of Attacks
 52703 | Elf:1    | Found an ancient bone altar of Kikubaaqudgha.
 52742 | Elf:1    | Reached XP level 17. HP: 78/78 MP: 22/35
 52761 | Elf:1    | Reached skill level 10 in Summonings
 52980 | Elf:1    | Acquired the ring "Soezxeiv" {Wiz +Blink rElec Dex-2 SInv}
 53078 | Elf:1    | Identified the +8 war axe "Muecoro" {flame, rElec}
 53736 | Elf:2    | Found a runed translucent gate.
 53736 | Elf:2    | Found a runed translucent gate.
 53736 | Elf:2    | Found a runed translucent gate.
 54190 | Elf:3    | Entered Level 3 of the Elven Halls
 54239 | Elf:3    | Found a flickering gateway to a bazaar.
 54245 | Elf:3    | Reached skill level 15 in Dodging
 54265 | Bazaar   | Entered a bazaar
 54266 | Bazaar   | Found Gaco's Jewellery Boutique.
 54297 | Bazaar   | Found Buskudd's Book Boutique.
 54297 | Bazaar   | Found Qaropoq's Weapon Boutique.
 54324 | Bazaar   | Found Hoggaego's Distillery.
 54379 | Bazaar   | Bought the amulet "Beol" {RegenMP rPois rF+ Dex-3 Slay+3}
                  | for 599 gold pieces
 54396 | Bazaar   | Bought a book of Changes for 216 gold pieces
 54396 | Bazaar   | Bought a book of Weapons for 336 gold pieces
 54413 | Bazaar   | Bought 2 potions of curing for 114 gold pieces
 54413 | Bazaar   | Bought a potion of curing for 57 gold pieces
 54413 | Bazaar   | Bought a potion of heal wounds for 95 gold pieces
 54413 | Bazaar   | Bought a potion of heal wounds for 95 gold pieces
 54413 | Bazaar   | Bought a potion of mutation for 152 gold pieces
 54413 | Bazaar   | Bought a potion of cancellation for 152 gold pieces
 54948 | Elf:3    | Learned a level 6 spell: Iron Shot
 57294 | Spider:3 | Received a gift from Sif Muna
 57302 | Spider:3 | Got Kofasuyp's Exposition on Hurting and Companions {god
                  | gift}
 57696 | Spider:3 | Found a hide-covered altar of Uskayaw.
 57786 | Spider:4 | Entered Level 4 of the Spider Nest
 57977 | Spider:4 | Reached XP level 18. HP: 51/82 MP: 5/37
 58595 | Spider:4 | Identified Roxanne's Spellbook of the Rocks
 58595 | Spider:4 | Noticed Roxanne
 58601 | Spider:4 | Noticed Aizul
 58606 | Spider:4 | Killed Roxanne
 58612 | Spider:4 | Killed Aizul
 59288 | Spider:4 | Received a gift from Sif Muna
 59291 | Spider:4 | Got Felod's Parchment of the Missiles and Ice {god gift}
 60076 | Spider:4 | Got a gossamer rune of Zot
 60769 | Lair:4   | Identified the +6 hand axe of Xuamoir {heavy, rF++ Str+3}
 60828 | Lair:4   | Killed Muuss's ghost
 61155 | Vaults:1 | Entered Level 1 of the Vaults
 61166 | Vaults:1 | Reached skill level 16 in Dodging
 61232 | Vaults:1 | Noticed Zenata
 61239 | Vaults:1 | Killed Zenata
 61396 | Vaults:1 | Received a gift from Sif Muna
 61397 | Vaults:1 | Got Sif Muna's Advanced Steps in Spellcraft {god gift}
 61425 | Vaults:1 | Found a flickering gateway to a bazaar.
 61523 | Bazaar   | Entered a bazaar
 61523 | Bazaar   | Found Jefara Kogha's Weapon Shoppe.
 61532 | Bazaar   | Found Vura's General Store.
 61545 | Bazaar   | Found Faniasafo's Assorted Antiques.
 61555 | Bazaar   | Found Ypuhoar's General Store.
 61562 | Bazaar   | Found Ompiry's Distillery.
 61567 | Bazaar   | Bought a potion of might for 32 gold pieces
 61567 | Bazaar   | Bought a potion of heal wounds for 40 gold pieces
 61574 | Bazaar   | Bought a potion of resistance for 110 gold pieces
 61574 | Bazaar   | Bought a scroll of fear for 44 gold pieces
 61581 | Bazaar   | Bought a scroll of blinking for 142 gold pieces
 61581 | Bazaar   | Bought a potion of brilliance for 76 gold pieces
 61581 | Bazaar   | Bought a flickering marble ring for 95 gold pieces
 61581 | Bazaar   | Identified the ring "Mewnum" {rPois rF+ Will+} (You bought
                  | it in a shop in a bazaar)
 61614 | Bazaar   | Bought a scroll of fog for 68 gold pieces
 61614 | Bazaar   | Bought a scroll of fog for 68 gold pieces
 61614 | Bazaar   | Bought a wand of mindburst (4) for 95 gold pieces
 61614 | Bazaar   | Bought a scroll of teleportation for 51 gold pieces
 61967 | Vaults:1 | Reached skill level 15 in Spellcasting
 62234 | Vaults:1 | Reached XP level 19. HP: 29/88 MP: 31/39
 62244 | Vaults:1 | Noticed Saint Roka
 62592 | Vaults:1 | Identified the amulet "Zirayf" {Reflect rElec SH+5}
 62881 | Vaults:1 | Killed Saint Roka
 63843 | Vaults:2 | Received a gift from Sif Muna
 63844 | Vaults:2 | Got Sif Muna's Teachings on the Fifth Circle {god gift}
 63926 | Vaults:2 | Reached skill level 15 in Conjurations
 64430 | Vaults:2 | Learned a level 7 spell: Malign Gateway
 64531 | Vaults:2 | Reached ****** piety under Sif Muna
 64633 | Vaults:2 | Identified the +1 arbalest of Erhilupu {penet, Fly Str+3}
 64947 | Vaults:3 | Found Uscheoq's Distillery.
 64952 | Vaults:3 | Bought a potion of heal wounds for 65 gold pieces
 64952 | Vaults:3 | Bought a potion of heal wounds for 65 gold pieces
 65219 | Vaults:3 | Found a staircase to the Crypt.
 65219 | Vaults:3 | Found an ancient bone altar of Kikubaaqudgha.
 65219 | Vaults:3 | Found a basalt altar of Yredelemnul.
 65858 | Vaults:3 | Got Sif Muna's Octavo of Blasts
 65936 | Vaults:3 | Reached skill level 17 in Dodging
 66057 | Vaults:3 | Received a gift from Sif Muna
 66058 | Vaults:3 | Got Ahorcheb's Notes on Ouranomancy and the Torch {god
                  | gift}
 66243 | Vaults:3 | Identified the +7 dire flail of Disorder {venom, rPois rN++
                  | Dex-2 Stlth+}
 66670 | Vaults:4 | Reached skill level 1 in Transmutations
 66670 | Vaults:4 | Reached XP level 20. HP: 94/94 MP: 23/41
 66670 | Vaults:4 | Upgraded the game from 0.30-a0-840-ga523dec638 to
                  | 0.30-a0-845-g7c6808c8ce
 66874 | Vaults:4 | Found a runed translucent gate.
 66874 | Vaults:4 | Found a runed translucent gate.
 66874 | Vaults:4 | Found an opulent altar of Gozag.
 66875 | Vaults:4 | Found a runed translucent gate.
 66875 | Vaults:4 | Found Ughabef's Assorted Antiques.
 66875 | Vaults:4 | Noticed an ancient lich
 66876 | Vaults:4 | Noticed Konionua's ghost (adept KoEn)
 67967 | Vaults:4 | Received a gift from Sif Muna
 67973 | Vaults:4 | Killed an ancient lich
 67974 | Vaults:4 | Killed Konionua's ghost
 68131 | Crypt:1  | Entered Level 1 of the Crypt
 68464 | Crypt:1  | Reached skill level 15 in Translocations
 68701 | Crypt:1  | Noticed Bai Suzhen
 68732 | Crypt:1  | Killed Bai Suzhen
 69580 | Crypt:2  | Reached skill level 5 in Transmutations
 69585 | Crypt:2  | Received a gift from Sif Muna
 70393 | Crypt:2  | Reached XP level 21. HP: 51/99 MP: 6/42
 71032 | Crypt:3  | Entered Level 3 of the Crypt
 71378 | Crypt:3  | Received a gift from Sif Muna
 71379 | Crypt:3  | Got Oneramu's Enchiridion on Petrified Leadership {god
                  | gift}
 71443 | Crypt:2  | Found an ancient bone altar of Kikubaaqudgha.
 71540 | Crypt:3  | Noticed a curse toe
 71564 | Crypt:3  | Killed a curse toe
 71565 | Crypt:3  | Reached skill level 18 in Dodging
 71917 | Crypt:3  | Found a staircase to the Tomb.
 72021 | Crypt:3  | Noticed a curse toe
 72039 | Crypt:3  | Killed a curse toe
 72040 | Crypt:3  | Found the +9 sword of Zonguldrok {reap}
 72041 | Crypt:3  | Identified the amulet "Usuogon" {Acrobat Str+3 Dex-5
                  | Stlth+}
 72042 | Crypt:3  | Identified the ring of Foolhardiness {Drain Fly rElec EV+5}
 72053 | Crypt:3  | Reached skill level 10 in Invocations
 72297 | Depths:1 | Entered Level 1 of the Depths
 72311 | Depths:1 | Noticed Sojobo
 72547 | Depths:1 | Killed Sojobo
 72794 | Depths:1 | Identified the +2 pair of gloves of Noon {rN+}
 72794 | Depths:1 | Noticed Nikola
 73284 | Elf:3    | Learned a level 7 spell: Storm Form
 73386 | Elf:3    | Reached skill level 10 in Air Magic
 73883 | Elf:3    | Identified the +7 great sword "Hezenirph" {flame, *Noise
                  | rPois SInv}
 73951 | Elf:3    | Identified the ring "Zoappagom" {rC+ Will+ MP+9 Int+2}
 73998 | Elf:3    | Identified the +1 rapier of Defiance {freeze, rPois Str-2
                  | Int-5 Dex+8}
 74002 | Elf:3    | Identified the +2 quick blade "Ogrebane" {venom, Int+3}
 74044 | Elf:3    | Identified the ring of Xomipuk {rPois rC- Dex+6 SInv}
 74048 | Elf:3    | Got Paih's Anthology of the Burnt Sphinx
 74108 | Elf:3    | Identified the +1 chain mail of Fufull {rElec rC- Dex+6}
 74439 | Depths:1 | Killed Nikola
 74896 | Depths:1 | Found a gateway to Hell.
 75026 | Depths:1 | Found Kuhookav's Distillery.
 75027 | Depths:1 | Found Feyneq's Armour Emporium.
 75027 | Depths:1 | Found Zoss's Antique Weapon Shoppe.
 75032 | Depths:1 | Found Jowk's Distillery.
 75066 | Depths:1 | Noticed Asterion
 75075 | Depths:1 | Killed Asterion
 75275 | Depths:1 | Found the +7 captain's cutlass {speed, disarm}
 75390 | Depths:1 | Bought a potion of mutation for 96 gold pieces
 75390 | Depths:1 | Bought a potion of heal wounds for 60 gold pieces
 75390 | Depths:1 | Bought a potion of brilliance for 48 gold pieces
 75396 | Depths:1 | Bought a potion of haste for 170 gold pieces
 75396 | Depths:1 | Bought a potion of heal wounds for 85 gold pieces
 75396 | Depths:1 | Bought a potion of magic for 136 gold pieces
 75640 | Depths:2 | Reached XP level 22. HP: 103/103 MP: 17/43
 75646 | Depths:2 | Received a gift from Sif Muna
 75647 | Depths:2 | Got Sif Muna's Opusculum on the Snow-white Salvo {god gift}
 75721 | Depths:2 | Found a burning altar of Makhleb.
 76152 | Depths:2 | Identified the ring "Fejah" {rN+ Will+}
 76258 | Depths:2 | Identified the +6 scimitar of the Two Names {heavy, *Rage
                  | rPois rN+++ Str-4}
 76259 | Depths:2 | Identified the +9 long sword of the Enfolding Gods {elec,
                  | rElec rC+}
 76297 | Depths:2 | Identified the +8 hand axe "Conservator" {venom, Str+6
                  | Dex-2}
 76818 | Depths:2 | Found a one-way gate leading to the halls of Pandemonium.
 77015 | Depths:2 | You fall into a shaft and drop 1 floor!
 77015 | Depths:3 | Found a large runed translucent door.
 77019 | Depths:3 | Found a large runed translucent door.
 77024 | Depths:3 | Noticed Mara
 77026 | Depths:3 | Killed from afar by a fire giant
 77027 | Depths:3 | Reached XP level 21. HP: -12/99 MP: 35/43
 77043 | Depths:3 | Found a transporter.
 77049 | Depths:3 | Found a transporter.
 77070 | Depths:3 | Found a transporter.
 77179 | Depths:3 | Received a gift from Sif Muna
 77182 | Depths:3 | Got Kuimis's Lessons on the Generative Brume {god gift}
 77315 | Depths:3 | Found a magical portal.
 77390 | WizLab   | Entered Eringya's Formal Garden
 77711 | WizLab   | Reached skill level 10 in Transmutations
 77892 | WizLab   | Reached skill level 1 in Unarmed Combat
 77939 | WizLab   | HP: 3/100 [deep elf master archer/arrow (36)]
 77939 | WizLab   | Shot with an arrow by a deep elf master archer
 77940 | WizLab   | Reached XP level 20. HP: -21/96 MP: 25/42
 78098 | WizLab   | Reached skill level 19 in Dodging
 78112 | WizLab   | Found a blossoming altar of Fedhas.
 78417 | Depths:3 | Noticed FexLirch's illusion
 78425 | Depths:3 | Killed Mara
 78426 | Depths:3 | Reached skill level 15 in Fighting
 78446 | Depths:3 | Found a corrupted altar of Lugonu.
 78446 | Depths:3 | Found a one-way gate to the infinite horrors of the Abyss.
 78706 | Depths:3 | Found a one-way gateway to a ziggurat.
 78718 | Depths:3 | Reached XP level 21. HP: 100/100 MP: 31/43
 78776 | Depths:3 | Found a large runed translucent door.
 78777 | Depths:3 | Found a large runed translucent door.
 78781 | Depths:3 | Found a large runed translucent door.
 78781 | Depths:3 | Found a large runed translucent door.
 78901 | Depths:4 | Entered Level 4 of the Depths
 78901 | Depths:4 | Noticed Frederick
 78936 | Depths:3 | Found a transporter.
 79128 | Depths:2 | Identified the +5 dagger "Otogac" {venom, SInv}
 79162 | Depths:2 | Identified the +1 chain mail of the Boiling Point {*Corrode
                  | +Inv Str+6}
 79482 | Depths:4 | Found Ithauras's General Store.
 79487 | Depths:4 | Found Ravunab's Armour Boutique.
 79494 | Depths:4 | Received a gift from Sif Muna
 79554 | Depths:4 | Noticed the Enchantress
 79582 | Depths:4 | Killed the Enchantress
 79637 | Depths:4 | Noticed a golden dragon
 79649 | Depths:4 | Killed a golden dragon
 80136 | Depths:4 | Found a bloodstained altar of Trog.
 80154 | Depths:4 | Identified the +6 chain mail of the Playwright {+Blink +Inv
                  | Int+3 Stlth-}
 80159 | Depths:4 | Killed Frederick
 80309 | Depths:4 | Found a gate to the Realm of Zot.
 80318 | Depths:4 | Noticed Grunn
 80325 | Depths:4 | Killed Grunn
 80331 | Depths:4 | Received a gift from Sif Muna
 82108 | Slime:1  | Entered Level 1 of the Pits of Slime
 82179 | Slime:3  | Gained mutation: You are weak. (Str -2) [a shining eye]
 82182 | Slime:4  | Lost mutation: You are weak. (Str -2) [potion of mutation]
 82182 | Slime:4  | Gained mutation: Your system is resistant to poisons.
                  | (rPois) [potion of mutation]
 82200 | Slime:4  | Gained mutation: You occasionally lose the ability to read
                  | scrolls when taking damage. [a shining eye]
 82306 | Slime:5  | Entered Level 5 of the Pits of Slime
 82319 | Slime:5  | Received a gift from Sif Muna
 82486 | Slime:5  | Found a viscous altar of Jiyva.
 82511 | Slime:5  | Gained mutation: You are agile. (Dex +4, Str/Int -1) [a
                  | shining eye]
 82644 | Slime:5  | Noticed the Royal Jelly
 82958 | Slime:5  | Reached XP level 22. HP: 34/105 MP: 14/44
 83353 | Slime:5  | Gained mutation: Potions are less effective at restoring
                  | your health. [a shining eye]
 83355 | Slime:5  | Gained mutation: Your magical capacity is low. (-10% MP) [a
                  | shining eye]
 83360 | Slime:5  | Lost mutation: You are agile. (Dex +4, Str/Int -1) [a
                  | shining eye]
 83464 | Slime:4  | Lost mutation: Your system is resistant to poisons. (rPois)
                  | [potion of mutation]
 83464 | Slime:4  | Lost mutation: You occasionally lose the ability to read
                  | scrolls when taking damage. [potion of mutation]
 83464 | Slime:4  | Lost mutation: Potions are less effective at restoring your
                  | health. [potion of mutation]
 83464 | Slime:4  | Gained mutation: You are vulnerable to heat. (rF-) [potion
                  | of mutation]
 83464 | Slime:4  | Gained mutation: You expend magic power (3 MP) to
                  | strengthen your wands. [potion of mutation]
 83464 | Slime:4  | Gained mutation: You are partially covered in iridescent
                  | scales. (AC +2) [potion of mutation]
 83637 | Slime:5  | Killed the Royal Jelly
 83639 | Slime:5  | Identified the +7 long sword of Qolou {flame, *Slow +Blink
                  | rC++ Dex+3}
 83644 | Slime:5  | Identified the ring "Bufriekk" {rCorr MP+9}
 83645 | Slime:5  | Got a slimy rune of Zot
 83890 | Slime:5  | Identified the +7 broad axe "Asaihoerph" {antimagic, *Rage
                  | rC+++ rN++ Str-2}
 84343 | Depths:4 | Learned a level 2 spell: Wereblood
 84344 | Zot:1    | Entered Level 1 of the Realm of Zot
 84615 | Zot:1    | Received a gift from Sif Muna
 84617 | Depths:4 | Killed from afar by a shadow dragon

Illustrated notes

Levels and vault maps discovered:
D:1:      amcnicky_arrival_single_pillar, layout_basic, st_stairs_12
D:2:      layout_basic, shapermc_ecumenical_altar_totnotflames, grunt_decor_cap,
          minmay_misc_feat_more_columns, grunt_ministairs_8
D:3:      layout_loops_cross, portal_sewer_entry_b, minmay_misc_feat_nine_boxes,
          st_stairs_13
D:4:      layout_basic, slow_altar_1, minmay_temple_entry_tees, corexii_shack,
          minmay_fire_ice_demons
D:5:      layout_rooms, mainiacjoe_overflow_alcove_1, uniq_prince_ribbit1
D:6:      layout_cave_pools, tgw_fedhas, nicolae_shop_clearance
D:7:      layout_rooms, corexii_item_surrounded_by_moat, nicolae_specific_store
D:8:      layout_gridville, grunt_lair_entry_orc_guard_hut
D:9:      layout_cave_pools, serial_shops, nicolae_shop_hallway_plus,
          st_stairs_8, uniq_harold
D:10:     layout_roguey, mainiacjoe_overflow_concentric_impassable,
          nicolae_overflow_two_pavilions, lemuel_tele_altar,
          nicolae_trove_entry_columns, minmay_librarian
D:11:     layout_loops_corners, erik_orc_2, minivault_8
D:12:     layout_rooms, serial_corexii_hall, chequers_hall_statues_corner_a,
          corexii_hall_statues_l, chequers_hall_statues_wall_a, uniq_lodul
D:13:     layout_basic, david_vaults_3, minmay_misc_feat_encased,
          uniq_josephine, uniq_maurice
D:14:     layout_irregular_city, uniq_frances
D:15:     hangedman_depths_entry_try_elsewhere_first, layout_basic,
          minmay_crystal_water, nicolae_rejected_hall
Temple:   regret_index_temple_waves
Lair:1:   layout_cave_shapes, gauntlet_entry_generic, beast_lair_carwin_6
Lair:2:   layout_misc_corridors, eino_small_chamber_without_monster,
          fungi_pond_lemuel, pdpol_lair_cavern_descent,
          infiniplex_staircase_pool_2
Lair:3:   layout_layer_cave, elwin_shoals_entry_rocks,
          spider_nest_entry_web_field, uniq_amaemon
Lair:4:   gammafunk_mikee_crab_dinner, layout_cave_pods, slime_entry_1,
          gammafunk_ghost_necromancy
Lair:5:   evilmike_catoblepas_cave, layout_loops_ring, basic_altar,
          grunt_megastairs_3, serial_bayou_shore_b
Shoals:1: layout_shoals
Shoals:2: nicolae_shoals_offshore_bank_account, layout_shoals, serial_shops,
          nicolae_shop_waterfront, uniq_polyphemus
Shoals:3: layout_shoals, nicolae_shoals_lost_giant_amphitheater,
          hangedman_feature_mirror
Shoals:4: shoals_end_hangedman, layout_shoals, shoal_ilsuiw, serial_shops,
          shop_coins
Spider:1: layout_spider_delve
Spider:2: layout_chambers, nicolae_spider_nook
Spider:3: nicolae_spider_corner, nicolae_spider_altar_of_dancing
Spider:4: spider_rune_water, uniq_aizul, uniq_roxanne
Slime:1:  layout_caves
Slime:2:  layout_caves
Slime:3:  layout_caves
Slime:4:  layout_caves
Slime:5
Orc:1:    layout_diamond_mine, serial_shops, nicolae_shop_behind_doors
Orc:2:    grunt_orc_tribal_feast, layout_diamond_mine, basic_altar,
          serial_shops, nicolae_diamond_shop
Elf:1:    minmay_elf_arrival_circle, layout_geoelf_octagon,
          minmay_elf_annihilation, lemuel_statue_altar
Elf:2:    nicolae_elf_blades_splatter_lattice
          [nicolae_blade_entry_diamond_columns], layout_geoelf_diagonals,
          serial_corexii_hall, corexii_hall_statues_deadend,
          corexii_hall_statues_t, chequers_hall_statues_y,
          corexii_hall_statues_u, corexii_hall_statues_l,
          chequers_hall_statues_wall_a
Elf:3:    minmay_elf_hall_spiked, layout_loops_corners, serial_shops,
          bzr_entry_islet
Vaults:1: hangedman_vaults_cutoff, grunt_vaults_funnel,
          nicolae_vaults_border_crossing, v_misc_11, nicolae_vaults_little_ls,
          dpeg_vaults_waves, nicolae_vaults_network_square,
          vaults_mumra_hexcomb, ontoclasm_vaults_gateway,
          nicolae_vaults_shelves_hall, nicolae_vaults_hallways_thing,
          nicolae_vaults_theta, layout_vaults_ring, serial_shops,
          bzr_entry_road, uniq_saint_roka, uniq_zenata
Vaults:2: v_pattern_1, v_misc_28, ontoclasm_vaults_fault,
          vaults_mumra_minichess, v_rooms_6, vaults_mumra_chevron_long,
          nicolae_vaults_yaktaur_gun_rack, vaults_dpeg_emergency_exit,
          layout_vaults_omnigrid
Vaults:3: ontoclasm_vaults_ring_square, nicolae_vaults_octagons,
          vaults_dpeg_encased_lava, vaults_dpeg_doors,
          vaults_room_grunt_arrival_checkpoint, minmay_crypt_entry_necro_gods,
          dpeg_vaults_monster_box, nicolae_vaults_little_squares_4,
          layout_vaults_chaotic_city, serial_shops, nicolae_shop_stone
Vaults:4: ebering_ghost_gozag, v_misc_14, v_alt_pattern_2, v_misc_30, v_misc_10,
          v_misc_15, ontoclasm_vaults_ring_square,
          ontoclasm_vaults_loading_screen, grunt_vaults_diagonal, v_pattern_4,
          nicolae_vaults_alarming, nicolae_vaults_sealed_display,
          ontoclasm_vaults_idyll, ontoclasm_vaults_misaligned, v_misc_13,
          layout_vaults_maze
Crypt:1:  layout_rooms, grunt_crypt_arrival_webbed, uniq_bai_suzhen
Crypt:2:  layout_rooms, lemuel_upstairs_altar
Crypt:3:  david_glass_crypt, layout_rooms, serial_sigils_hangedman_snap
Depths:1: layout_cave_shapes, hell_entry, hangedman_abyss_or_decor_slice,
          ice2_lemuel, minmay_shoptagon, uniq_nikola, uniq_sojobo, uniq_asterion
Depths:2: minmay_the_grid_triangle_9x9_recursive_3
          [minmay_the_grid_triangle_9x9_flanged_cone,
          minmay_the_grid_triangle_9x9_alien,
          minmay_the_grid_triangle_9x9_skeleton,
          minmay_the_grid_triangle_9x9_prize_center,
          minmay_the_grid_triangle_9x9_semitri,
          minmay_the_grid_triangle_9x9_shrine,
          minmay_the_grid_triangle_9x9_limited_checkers,
          minmay_the_grid_triangle_9x9_thin_v,
          minmay_the_grid_triangle_9x9_intruding_spiral], layout_gridlike,
          rand_demon_pan_entry_5, pf_coc_iceberg, serial_co_window_serial,
          co_window_of_opportunity_a, co_window_paths_a, co_window_paths_a,
          co_window_paths_a, co_window_paths_b, co_window_of_opportunity_a,
          co_window_corner_a, co_window_unsneaky_path_a, co_window_2corner,
          co_window_corner_b, glass_columns_a
Depths:3: minmay_five_octagons, layout_basic, enter_ziggurat_b,
          mu_enter_wizlab_3, abyss_entry_flame_altar, hell_entry,
          nicolae_transporter_intersection, infiniplex_staircase_zigzag_2,
          uniq_mara
Depths:4: grunt_zot_entry_bicorn, layout_basic, hell_entry,
          trog_three_pillars_becter, abyss_entry, grunt_megastairs_2,
          minmay_shop_star, uniq_grunn, uniq_frederick, uniq_enchantress
Zot:1:    layout_cathedral_of_symmetry, uniq_josephina

Skill      XL: |  1  2  3  4  5  6  7  8  9 10 11 12 13 14 15 16 17 18 19 20 21 22 |
---------------+-------------------------------------------------------------------+-----
Conjurations   | 1 2 3 4 6 7 8 10 11 12 14 15 16 | 16.7
Air Magic      | 3 4 5 6 7 9 12 13 | 13.1
Spellcasting   | 3 4 5 6 7 8 10 11 12 13 14 15 16 17 | 17.6
Translocations | 3 5 7 8 9 10 11 13 14 15 | 15.0
Dodging        | 4 6 7 9 10 11 12 13 15 16 17 19 18 | 19.8
Fighting       | 2 4 5 7 8 9 10 12 13 15 | 15.6
Necromancy     | 2 3 5 6 7 8 |  8.0
Earth Magic    | 2 4 7 8 9 10 11 12 13 14 | 14.9
Invocations    | 2 3 4 6 7 8 9 11 12 | 12.0
Summonings     | 5 8 10 11 12 | 12.7
Transmutations | 1 5 12 9 | 12.5
Unarmed Combat | 2 4 |  4.9
Stealth        | |  2.7

Action                     |  1- 3 |  4- 6 |  7- 9 | 10-12 | 13-15 | 16-18 | 19-21 | 22-24 || total
---------------------------+-------+-------+-------+-------+-------+-------+-------+-------++-------
  Melee: Unarmed           |    17 |    19 |    16 |    55 |    64 |    77 |   242 |    50 ||   540
         Bite              |     2 |     2 |     2 |    11 |     9 |    20 |     6 |       ||    52
         Punch             |       |       |     1 |       |     1 |     1 |     9 |     3 ||    15
   Cast: Shock             |    73 |   143 |   180 |   136 |    35 |     7 |       |       ||   574
         Static Discharge  |       |    22 |    32 |    44 |     9 |     1 |       |       ||   108
         Airstrike         |       |       |    61 |    74 |    10 |    15 |       |       ||   160
         Stone Arrow       |       |       |       |   249 |   400 |   401 |       |       ||  1050
         Swiftness         |       |       |       |     8 |     7 |    12 |     2 |       ||    29
         Borgnjor's Vile C |       |       |       |    56 |   234 |   347 |   201 |    25 ||   863
         Animate Dead      |       |       |       |    16 |    39 |    41 |    20 |       ||   116
         Passage of Golubr |       |       |       |     1 |     6 |    16 |    13 |     6 ||    42
         Blink             |       |       |       |     1 |     3 |    13 |    18 |     5 ||    40
         Spellforged Servi |       |       |       |       |       |    66 |   120 |    21 ||   207
         Sublimation of Bl |       |       |       |       |       |    31 |    41 |       ||    72
         Apportation       |       |       |       |       |       |     1 |     7 |     2 ||    10
         Iron Shot         |       |       |       |       |       |   153 |   367 |    78 ||   598
         Malign Gateway    |       |       |       |       |       |       |    34 |     3 ||    37
         Storm Form        |       |       |       |       |       |       |    37 |    16 ||    53
         Lehudib's Crystal |       |       |       |       |       |       |     4 |     8 ||    12
 Invoke: Channel Magic     |       |       |       |     4 |     2 |     6 |     2 |       ||    14
Ability: Blinkbolt         |       |       |       |       |       |       |    15 |     1 ||    16
  Evoke: Wand              |       |       |     2 |     5 |    25 |    13 |       |       ||    45
         Phial of floods   |       |       |       |       |       |       |     1 |       ||     1
    Use: Scroll            |       |     4 |     9 |    12 |     6 |    21 |     8 |       ||    60
         Potion            |       |       |       |     2 |     1 |     8 |    12 |     7 ||    30
   Stab: Distracted        |       |       |       |     3 |       |     2 |     7 |     1 ||    13
         Invisible         |       |       |       |       |     3 |       |       |       ||     3
         Paralysed         |       |       |       |       |     8 |       |       |       ||     8
 Armour: Skin              |     4 |    11 |     1 |    14 |     7 |    21 |    38 |     7 ||   103
  Dodge: Dodged            |    16 |    83 |    63 |   297 |   445 |   677 |   604 |   156 ||  2341

Table legend: (Time is in decaauts)
 A = Elapsed time spent in this place.
 B = Non-inter-level travel time spent in this place.
 C = Inter-level travel time spent in this place.
 D = Time resting spent in this place.
 E = Time spent auto-exploring this place.
 F = Levels seen in this place.
 G = Mean time per level.
                   A        B        C        D        E       F      G
               +--------+--------+--------+--------+--------+-----+--------+
         Total |  77224 |  67837 |   9387 |  26478 |  18421 |  56 | 1379.0 |
       Dungeon |  25269 |  22408 |   2861 |   7386 |   9843 |  15 | 1684.6 |
        Temple |     31 |     17 |     14 |      0 |      0 |   1 |   31.0 |
          Lair |  10409 |   9014 |   1395 |   4151 |   2442 |   5 | 2081.8 |
        Shoals |   6743 |   6246 |    497 |   3555 |    597 |   4 | 1685.8 |
   Spider Nest |   8347 |   7445 |    902 |   3329 |   2046 |   4 | 2086.8 |
    Slime Pits |   1890 |   1749 |    141 |   1013 |      0 |   5 |  378.0 |
  Orcish Mines |   3295 |   2602 |    693 |   1320 |    445 |   2 | 1647.5 |
   Elven Halls |   3759 |   3058 |    701 |    872 |    523 |   3 | 1253.0 |
        Vaults |   6040 |   4635 |   1405 |   1342 |    188 |   4 | 1510.0 |
         Crypt |   3334 |   2991 |    343 |   1454 |    309 |   3 | 1111.3 |
        Depths |   5722 |   5291 |    431 |   1193 |   2026 |   4 | 1430.5 |
           Zot |    179 |    179 |      0 |     31 |      0 |   1 |  179.0 |
        Bazaar |    224 |    224 |      0 |      0 |      0 |   2 |  112.0 |
         Sewer |    258 |    258 |      0 |    153 |      0 |   1 |  258.0 |
        Wizlab |    764 |    764 |      0 |    356 |      0 |   1 |  764.0 |
      Gauntlet |    953 |    953 |      0 |    318 |      0 |   1 |  953.0 |
               +--------+--------+--------+--------+--------+-----+--------+

Top non-repeatable levels by time:
    D:15: 4373 daAuts
  Lair:4: 3134 daAuts
  Lair:3: 3071 daAuts
    D:11: 2948 daAuts
Spider:2: 2933 daAuts
     D:8: 2451 daAuts
   Orc:2: 2376 daAuts
Spider:1: 2296 daAuts
Shoals:3: 2214 daAuts
  Lair:5: 2166 daAuts
Depths:2: 1999 daAuts
    D:13: 1967 daAuts
Shoals:1: 1914 daAuts
    D:14: 1913 daAuts
Vaults:3: 1784 daAuts
